[Event "Titled Tuesday Blitz November 14 Early 2023"]
[White "Cherniaiev, Tykhon"]
[Black "Sadhwani, Raunak"]
[WhiteFideId "14182360"]
[BlackFideId "35093487"]
[WhiteElo "2840"]
[BlackElo "3044"]
[Result "0-1"]
[Round "9"]
[TimeControl "180+1"]
[Date "2023.11.14"]
[WhiteClock "0:00:10"]
[BlackClock "0:00:34"]
[Board "12"]

1. Nf3 g6 2. d4 Bg7 3. g3 Nf6 4. Bg2 O-O 5. O-O d6 6. c4 Nbd7 7. Nc3 e5 8. b3 Re8 9. Bb2 c6 10. dxe5 dxe5 11. Qc2 e4 12. Ng5 e3 13. fxe3 Qe7 14. Nge4 Nxe4 15. Nxe4 Bxb2 16. Qxb2 f5 17. Nc3 Qxe3+ 18. Kh1 Ne5 19. Nd1 Qh6 20. Nf2 Qe3 21. Nd1 Qh6 22. Nf2 Qg7 23. e4 Ng4 24. Qxg7+ Kxg7 25. Nxg4 fxg4 26. Rad1 Be6 27. Rd6 Re7 28. Rf4 a5 29. a4 Ra6 30. Rf1 Rb6 31. Rd3 Rd7 32. Rfd1 Rxd3 33. Rxd3 Bxc4 34. bxc4 Rb1+ 35. Bf1 Rxf1+ 36. Kg2 Rf7 37. Rd6 Re7 38. c5 Kf7 39. Rd4 Ke6 40. Kf2 Ke5 41. Ke3 Rf7 42. Rd8 Rf3+ 43. Ke2 Rb3 44. Re8+ Kd4 45. Re7 h5 46. e5 Rb2+ 47. Ke1 Kxc5 48. Rd7 Rb4 49. Kd2 Re4 50. Rxb7 Rxe5 51. Rg7 Kb4 52. Rxg6 Rc5 53. Kd3 Kxa4 54. Kd4 Kb4 55. Rg8 Rd5+ 56. Ke4 a4 57. Rb8+ Rb5 58. Rc8 a3 59. Kd3 a2 60. Rxc6 a1=Q 61. Rc4+ Ka5 62. Re4 Qa3+ 63. Kc2 Rb2+ 64. Kc1 Qa1# 0-1


[Site "https://www.chess.com"]

[Event "Titled Tuesday Blitz November 14 Early 2023"]
[White "Erdogmus, Yagiz Kaan"]
[Black "Dragun, Kamil"]
[WhiteFideId "44599790"]
[BlackFideId "1134167"]
[WhiteElo "3036"]
[BlackElo "2825"]
[Result "0-1"]
[Round "9"]
[TimeControl "180+1"]
[Date "2023.11.14"]
[WhiteClock "0:00:06"]
[BlackClock "0:00:57"]
[Board "13"]

1. e4 c5 2. Nf3 e6 3. d4 cxd4 4. Nxd4 Nc6 5. Nc3 Qc7 6. Be3 a6 7. Be2 Nf6 8. O-O Be7 9. f4 d6 10. Bf3 O-O 11. Qd2 Re8 12. Rae1 Nxd4 13. Bxd4 e5 14. Be3 exf4 15. Bxf4 Be6 16. Kh1 Nd7 17. Nd5 Bxd5 18. exd5 Bf6 19. c3 Ne5 20. Be4 g6 21. Bc2 Bg7 22. Bxe5 Rxe5 23. Rxe5 Bxe5 24. Re1 Re8 25. Bb3 Kg7 26. Qf2 Re7 27. a4 h5 28. g3 Re8 29. Kg2 Qe7 30. h4 f5 31. a5 Rf8 32. Bc2 Qc7 33. Qb6 Qe7 34. Qf2 Rf6 35. c4 Qf7 36. Qf3 f4 37. g4 hxg4 38. Qxg4 f3+ 39. Kf1 Rf4 40. Qg5 Rxc4 41. Bb3 Rb4 42. Rxe5 dxe5 43. Bc2 Qf6 44. Qe3 Rxh4 45. Qc5 Rh1+ 46. Kf2 Qh4+ 47. Kxf3 Qf4+ 48. Ke2 Rh2+ 49. Kd3 Qf3+ 50. Qe3 Qxe3+ 51. Kxe3 Rxc2 52. Ke4 Rxb2 53. d6 Kf6 54. Kd5 Rd2+ 55. Kc5 e4 56. Kb6 Rxd6+ 57. Kc7 Re6 58. Kxb7 e3 59. Ka7 e2 0-1


[Site "https://www.chess.com"]

[Event "Titled Tuesday Blitz November 14 Early 2023"]
[White "Vokhidov, Shamsiddin"]
[Black "Narayanan, Srinath"]
[WhiteFideId "14204223"]
[BlackFideId "5018420"]
[WhiteElo "3000"]
[BlackElo "2809"]
[Result "1-0"]
[Round "9"]
[TimeControl "180+1"]
[Date "2023.11.14"]
[WhiteClock "0:01:13"]
[BlackClock "0:00:07"]
[Board "14"]

1. e4 c5 2. Nf3 d6 3. Bb5+ Bd7 4. Bxd7+ Nxd7 5. O-O Ngf6 6. Qe2 e6 7. b3 g6 8. Bb2 Bg7 9. c4 O-O 10. d4 cxd4 11. Nxd4 Nc5 12. f3 Re8 13. Nc3 Qb6 14. Kh1 Rad8 15. Rfd1 d5 16. e5 Nh5 17. Ba3 Nf4 18. Qe3 dxc4 19. Qxf4 Nd3 20. Rxd3 cxd3 21. Ndb5 Rd7 22. Nd6 Red8 23. Nce4 Qa5 24. Bb2 Rc7 25. h4 Rdd7 26. Nf6+ Bxf6 27. Qxf6 Qd2 28. Ne8 Kf8 29. Qh8+ Ke7 30. Ba3+ Kd8 31. Nf6# 1-0


[Site "https://www.chess.com"]

[Event "Titled Tuesday Blitz November 14 Early 2023"]
[White "Javakhadze, Zurab"]
[Black "Muradli, Mahammad"]
[WhiteFideId "13603647"]
[BlackFideId "13409301"]
[WhiteElo "2778"]
[BlackElo "2997"]
[Result "1-0"]
[Round "9"]
[TimeControl "180+1"]
[Date "2023.11.14"]
[WhiteClock "0:00:07"]
[BlackClock "0:00:00"]
[Board "15"]

1. Nf3 g6 2. g3 Bg7 3. Bg2 Nf6 4. O-O O-O 5. d4 d5 6. c4 c6 7. a4 dxc4 8. Na3 Be6 9. Ng5 Bf5 10. Nxc4 Na6 11. e4 Bg4 12. f3 Bc8 13. Be3 Nb4 14. Qb3 a5 15. Rfd1 Nd7 16. Nh3 Nb6 17. Nf4 Nxc4 18. Qxc4 b6 19. Rac1 Ba6 20. Qb3 Rc8 21. Bh3 Rc7 22. d5 Qb8 23. dxc6 Rxc6 24. Rxc6 Nxc6 25. Nd5 e6 26. Nxb6 Ne5 27. f4 Nc4 28. Bf2 Qb7 29. Bf1 Nxb2 30. Rd7 Qxe4 31. Bxa6 h5 32. h4 Re8 33. Rd2 Qb1+ 34. Kh2 Qc1 35. Rc2 Qb1 36. Nc4 Rd8 37. Nxb2 Rd1 38. Bb7 Rc1 39. Rxc1 Qxc1 40. Nd3 Qd2 41. Bg2 Bc3 42. Qc4 Bg7 43. Bd4 Bf8 44. Ne5 Bg7 45. Bc3 1-0


[Site "https://www.chess.com"]

[Event "Titled Tuesday Blitz November 14 Early 2023"]
[White "Saydaliev, Saidakbar"]
[Black "Mitrabha, Guha"]
[WhiteFideId "14203693"]
[BlackFideId "5057000"]
[WhiteElo "2770"]
[BlackElo "2957"]
[Result "1-0"]
[Round "9"]
[TimeControl "180+1"]
[Date "2023.11.14"]
[WhiteClock "0:00:21"]
[BlackClock "0:00:18"]
[Board "16"]

1. e4 c6 2. Nf3 d5 3. Nc3 dxe4 4. Nxe4 Nf6 5. Qe2 Nxe4 6. Qxe4 Be6 7. d4 Bd5 8. Qd3 Bxf3 9. gxf3 Nd7 10. f4 Nf6 11. f5 g6 12. fxg6 hxg6 13. Bg2 Bh6 14. Bxh6 Rxh6 15. O-O-O Qc7 16. d5 O-O-O 17. Qe3 Rh4 18. dxc6 Rxd1+ 19. Rxd1 bxc6 20. Qc5 Rh5 21. Qc4 Nd5 22. Kb1 e6 23. h4 Rf5 24. Qd4 Qb6 25. Qh8+ Kb7 26. c4 Nb4 27. Rd7+ Ka6 28. Qc8+ Ka5 29. a3 Na6 30. Rb7 Qc5 31. b4+ Ka4 32. bxc5 Nxc5 33. Qxc6+ Kxa3 34. Rxa7+ Kb3 35. Qb5+ Kc3 36. Ra3+ Kd4 37. Qb2+ Kxc4 38. Rc3+ Kd4 39. Qd2+ Ke5 40. Rxc5+ 1-0


[Site "https://www.chess.com"]

[Event "Titled Tuesday Blitz November 14 Early 2023"]
[White "Matlakov, Maxim"]
[Black "Borsuk, Konstantin"]
[WhiteFideId "4168003"]
[BlackFideId "14113406"]
[WhiteElo "2952"]
[BlackElo "2789"]
[Result "1-0"]
[Round "9"]
[TimeControl "180+1"]
[Date "2023.11.14"]
[WhiteClock "0:00:35"]
[BlackClock "0:00:00"]
[Board "17"]

1. d4 Nf6 2. Nf3 e6 3. Bg5 b6 4. Nbd2 Bb7 5. e3 h6 6. Bf4 d6 7. Bd3 Nbd7 8. Qe2 a6 9. e4 g5 10. Be3 Ng4 11. Nf1 Nxe3 12. Nxe3 Bg7 13. O-O-O Qe7 14. c3 b5 15. Nd2 c5 16. Nf3 c4 17. Bc2 O-O-O 18. h4 Kb8 19. Kb1 Rc8 20. Nd2 gxh4 21. Qh5 Bf6 22. f4 Nb6 23. Nf3 Qc7 24. Nxh4 Na4 25. Nf3 Bg7 26. a3 Qd7 27. Bxa4 bxa4 28. Nd2 d5 29. e5 Ka7 30. Ka2 Rb8 31. f5 Bc6 32. Rhf1 Rb7 33. Rb1 Rhb8 34. Qd1 Bf8 35. g4 Ka8 36. Nc2 a5 37. Ka1 Rb3 38. Nxb3 axb3 39. Ne3 Qe8 40. fxe6 fxe6 41. Rf6 Bd7 42. Qh1 Ka7 43. Nxd5 Bc6 44. Nc7 Qd7 45. d5 Bb7 46. Qg1+ 1-0


[Site "https://www.chess.com"]

[Event "Titled Tuesday Blitz November 14 Early 2023"]
[White "Petkov, Momchil"]
[Black "Gurel, Ediz"]
[WhiteFideId "2921642"]
[BlackFideId "44507356"]
[WhiteElo "2764"]
[BlackElo "2938"]
[Result "0-1"]
[Round "9"]
[TimeControl "180+1"]
[Date "2023.11.14"]
[WhiteClock "0:00:05"]
[BlackClock "0:00:18"]
[Board "18"]

1. d4 Nf6 2. Nf3 e6 3. Bf4 c5 4. e3 b6 5. Nc3 a6 6. e4 cxd4 7. Qxd4 Nc6 8. Qd2 Bb4 9. Bd3 d5 10. e5 d4 11. exf6 dxc3 12. bxc3 Qxf6 13. O-O Bxc3 14. Bg5 Bxd2 15. Bxf6 gxf6 16. Nxd2 Ne5 17. Be4 Rb8 18. f4 Nd7 19. Nc4 Ke7 20. Rab1 Bb7 21. Bxb7 Rxb7 22. Rfd1 b5 23. Ne3 Rc7 24. Rd4 Nb6 25. Rbd1 Rhc8 26. f5 Rc6 27. Rh4 Rc3 28. Re1 e5 29. Rxh7 Ra3 30. Ng4 Rxc2 31. Nh6 Raxa2 32. Rxf7+ Ke8 33. Rg7 Nd5 34. Rd1 Rxg2+ 35. Rxg2 Rxg2+ 36. Kxg2 Ne3+ 37. Kf3 Nxd1 38. Ng4 Kf7 39. h4 Nc3 40. h5 b4 41. h6 b3 42. h7 Kg7 43. Nxf6 b2 44. Nd7 b1=Q 45. f6+ Kxh7 46. Nxe5 Qf5+ 47. Ke3 Qxe5+ 48. Kd2 Qxf6 49. Kc2 Nb5 50. Kb3 Qc3+ 0-1


[Site "https://www.chess.com"]

[Event "Titled Tuesday Blitz November 14 Early 2023"]
[White "Bharath Subramaniyam H"]
[Black "Hua, Lefong"]
[WhiteFideId "46634827"]
[BlackFideId "2602253"]
[WhiteElo "2933"]
[BlackElo "2720"]
[Result "1-0"]
[Round "9"]
[TimeControl "180+1"]
[Date "2023.11.14"]
[WhiteClock "0:00:38"]
[BlackClock "0:00:17"]
[Board "19"]

1. e4 c5 2. Nf3 g6 3. c3 Nc6 4. d4 d5 5. exd5 Qxd5 6. Be3 cxd4 7. cxd4 Nf6 8. Nc3 Qd8 9. d5 Nb8 10. Bb5+ Bd7 11. d6 exd6 12. O-O Bxb5 13. Nxb5 a6 14. Re1 Be7 15. Nxd6+ Qxd6 16. Qxd6 Bxd6 17. Bd4+ Kd7 18. Bxf6 Re8 19. Rxe8 Kxe8 20. Re1+ Kd7 21. Ng5 Nc6 22. Nxf7 Bb4 23. Re2 Rf8 24. Ne5+ Nxe5 25. Bxe5 Re8 26. f4 g5 27. Kf2 gxf4 28. Bxf4 Bc5+ 29. Kf3 Rf8 30. g3 Kc6 31. h4 Bd6 32. Re6 Kc5 33. Rxd6 Rxf4+ 34. Kxf4 Kxd6 35. Kg5 Ke5 36. Kh6 Kf5 37. Kxh7 Kg4 38. Kg6 1-0


[Site "https://www.chess.com"]

[Event "Titled Tuesday Blitz November 14 Early 2023"]
[White "Dowgird, Filip"]
[Black "Henriquez Villagra, Cristobal"]
[WhiteFideId "1121235"]
[BlackFideId "3409350"]
[WhiteElo "2707"]
[BlackElo "2884"]
[Result "0-1"]
[Round "9"]
[TimeControl "180+1"]
[Date "2023.11.14"]
[WhiteClock "0:00:01"]
[BlackClock "0:00:04"]
[Board "20"]

1. d4 d6 2. Bg5 c6 3. c3 Nd7 4. Nd2 Ngf6 5. e3 Qc7 6. Ngf3 h6 7. Bh4 g5 8. Bg3 Nh5 9. Bc4 Nxg3 10. hxg3 d5 11. Bd3 Bg7 12. e4 e6 13. Qe2 Nb6 14. O-O-O Bd7 15. Kb1 O-O-O 16. Nb3 Kb8 17. Rhe1 Bc8 18. e5 g4 19. Nh4 h5 20. f4 Bh6 21. f5 Bg5 22. fxe6 fxe6 23. Ng6 Rh6 24. Nc5 Qg7 25. Nf4 Re8 26. Rh1 Bxf4 27. gxf4 Nd7 28. Nxd7+ Bxd7 29. g3 Rf8 30. Rh4 Be8 31. Rdh1 Bg6 32. Qc2 Bxd3 33. Qxd3 Rf5 34. b4 a6 35. a4 Kc7 36. Kb2 Kd8 37. Kb3 Ke8 38. b5 axb5 39. axb5 Kf7 40. Ra1 Qf8 41. Ra7 Qb8 42. b6 Kg6 43. Qb1 Rh7 44. Qa2 Qd8 45. Qa5 Rxf4 46. Ra8 Qe7 47. Rg8+ Kf5 48. Qa8 Rf3 49. Rf8+ Ke4 50. Rxf3 Kxf3 51. Qg8 Qf7 52. Qg5 Qf5 53. Qd2 Qb1+ 54. Ka4 Qb5+ 55. Ka3 Qa6+ 56. Kb2 Qe2 57. Qxe2+ Kxe2 58. Rxg4 hxg4 0-1


[Site "https://www.chess.com"]

[Event "Titled Tuesday Blitz November 14 Early 2023"]
[White "Sydoryka, Vladyslav"]
[Black "Klukin, Kirill"]
[WhiteFideId "14145928"]
[BlackFideId "24199273"]
[WhiteElo "2666"]
[BlackElo "2862"]
[Result "1-0"]
[Round "9"]
[TimeControl "180+1"]
[Date "2023.11.14"]
[WhiteClock "0:00:06"]
[BlackClock "0:00:00"]
[Board "21"]

1. c4 c5 2. g3 Nc6 3. Bg2 g6 4. Nc3 Bg7 5. Nf3 a6 6. O-O Rb8 7. d3 b5 8. Bf4 d6 9. Rb1 Nf6 10. Qd2 O-O 11. Bh6 Qa5 12. a3 Bb7 13. b4 cxb4 14. axb4 Qb6 15. Nd5 Nxd5 16. cxd5 Nd4 17. Nxd4 Qxd4 18. Be3 Qe5 19. Bf4 Qh5 20. Bf3 Qh3 21. Rfc1 Rbc8 22. Qe3 Qd7 23. Bg5 Be5 24. Kg2 Rfe8 25. h3 Bf6 26. Rxc8 Qxc8 27. Rc1 Qd8 28. Bxf6 exf6 29. Qf4 Re5 30. d4 Rf5 31. Qd2 Rxf3 32. exf3 Bxd5 33. Qf4 Kg7 34. Re1 Qc7 35. Kh2 h5 36. Rc1 Qd7 37. Qe3 Bc4 38. f4 Qc6 39. h4 Qd5 40. Re1 Qf5 41. Qe4 Qg4 42. f3 Qc8 43. d5 Qb7 44. Rd1 Qb6 45. Qd4 Qc7 46. Kg2 a5 47. f5 axb4 48. fxg6 fxg6 49. Re1 b3 50. Re8 Qf7 51. Re6 Qf8 52. Kf2 Kg8 53. Rxf6 Qg7 54. Qb2 Kh7 55. Qd4 Bxd5 56. Ke1 Bxf3 57. Kd2 Bg4 58. Qxd6 Bf5 59. Qe5 b2 60. Qxb2 Qd7+ 61. Ke1 Qe7+ 62. Kf2 Bg4 63. Qd4 b4 64. Kg1 b3 65. Rb6 Qe1+ 66. Kg2 Qe2+ 67. Qf2 Qe4+ 68. Kh2 Qe6 69. Rxe6 Bxe6 70. Qf6 Bg8 71. Kg1 Bc4 72. Kf2 Kg8 73. Ke3 Bf7 74. Kf4 Kf8 75. Qd8+ Kg7 76. Kg5 b2 77. Qd4+ Kf8 78. Qxb2 1-0


[Site "https://www.chess.com"]

[Event "Titled Tuesday Blitz November 14 Early 2023"]
[White "Beerdsen, Thomas"]
[Black "Ahmad, Khagan"]
[WhiteFideId "1030108"]
[BlackFideId "13431552"]
[WhiteElo "2858"]
[BlackElo "2632"]
[Result "1-0"]
[Round "9"]
[TimeControl "180+1"]
[Date "2023.11.14"]
[WhiteClock "0:00:29"]
[BlackClock "0:00:01"]
[Board "22"]

1. e4 c5 2. Nf3 d6 3. d4 cxd4 4. Nxd4 Nf6 5. Nc3 a6 6. a3 e5 7. Nf5 Bxf5 8. exf5 d5 9. Bg5 d4 10. Ne4 Be7 11. Bxf6 Bxf6 12. Bd3 Nc6 13. O-O Rc8 14. Qh5 O-O 15. Kh1 Ne7 16. g4 Nd5 17. g5 g6 18. Qh4 Bh8 19. f6 Nf4 20. Rg1 Qd5 21. Rae1 Rc6 22. Qh6 Rfc8 23. Rg4 Rxc2 24. Rh4 Nh5 25. Kg2 Rd2 26. Bb1 Rxb2 27. Bd3 Rc3 28. Rd1 Qb3 29. Rxh5 gxh5 30. Nc5 Rxd3 31. Nxb3 Rxd1 32. Nc5 Rdd2 33. Kf3 Rxf2+ 34. Ke4 Rbe2+ 35. Kd5 e4 36. Nd7 Rf5+ 37. Kd6 Bg7 38. Qxg7# 1-0


[Site "https://www.chess.com"]

[Event "Titled Tuesday Blitz November 14 Early 2023"]
[White "Pranav, V"]
[Black "Atakhan, Abtin"]
[WhiteFideId "25060783"]
[BlackFideId "22502203"]
[WhiteElo "3078"]
[BlackElo "2751"]
[Result "1-0"]
[Round "9"]
[TimeControl "180+1"]
[Date "2023.11.14"]
[WhiteClock "0:00:25"]
[BlackClock "0:00:00"]
[Board "23"]

1. Nf3 Nf6 2. g3 g6 3. Bg2 Bg7 4. O-O O-O 5. d3 c5 6. Nbd2 Nc6 7. e4 d6 8. Re1 Rb8 9. h3 b5 10. a4 b4 11. Nc4 Nd7 12. Rb1 a5 13. b3 Ba6 14. Ne3 Nd4 15. Nd2 e6 16. Ndc4 Ne5 17. Nxe5 Bxe5 18. Bb2 Bg7 19. Kh2 Qc7 20. f4 f5 21. exf5 gxf5 22. Nc4 Rbe8 23. Qd2 Kh8 24. Re3 e5 25. Rbe1 Bxc4 26. bxc4 Qd7 27. Bxd4 cxd4 28. R3e2 Qxa4 29. Bd5 Qd7 30. Ra1 Qc7 31. Qe1 Re7 32. Qf2 e4 33. Rae1 e3 34. Qf3 a4 35. Ra1 a3 36. Qf1 Bf6 37. Qb1 Qc5 38. Rg2 Rg7 39. Qd1 Re8 40. Qh5 Qc8 41. Rb1 Rge7 42. Re2 Qa6 43. Qxf5 Bg7 44. Ra1 a2 45. c5 dxc5 46. Rxa2 Qd6 47. Bc4 Rf8 48. Qg4 Qc6 49. Ra6 Qb7 50. Rd6 Ra8 51. Bd5 Qc7 52. Bxa8 Qxd6 53. Qc8+ 1-0


[Site "https://www.chess.com"]

[Event "Titled Tuesday Blitz November 14 Early 2023"]
[White "Rustemov, Alexander"]
[Black "Finek, Vaclav"]
[WhiteFideId "4119002"]
[BlackFideId "23718293"]
[WhiteElo "2901"]
[BlackElo "2731"]
[Result "0-1"]
[Round "9"]
[TimeControl "180+1"]
[Date "2023.11.14"]
[WhiteClock "0:00:05"]
[BlackClock "0:00:15"]
[Board "24"]

1. d4 d5 2. c4 c6 3. Nc3 Nf6 4. e3 e6 5. Nf3 Nbd7 6. Qc2 Bd6 7. Bd2 O-O 8. O-O-O dxc4 9. Bxc4 b5 10. Bd3 b4 11. Ne4 Nxe4 12. Bxe4 Nf6 13. Bd3 Bb7 14. Kb1 Rc8 15. Rc1 c5 16. dxc5 Bxc5 17. Qb3 Bd5 18. Bc4 Bxf3 19. gxf3 Qxd2 20. Rc2 Qd6 21. Rhc1 Bb6 22. f4 Rcd8 23. Be2 Nd5 24. Bf3 Qe7 25. Qc4 g6 26. Qb5 Rd7 27. Rc6 Rfd8 28. Qc4 Nf6 29. Rc2 Rd2 30. Kc1 Qd7 31. Kb1 Rxc2 32. Qxc2 Qd3 33. Qxd3 Rxd3 34. Kc2 Rd7 35. Rc4 Rc7 36. Kb3 Rxc4 37. Kxc4 a5 38. Kb5 Bd8 39. h3 h5 40. Kc6 Kf8 41. Bg2 Ke7 42. Bf3 Ng8 43. Bg2 Nh6 44. e4 f6 45. Bf1 g5 46. Be2 g4 47. hxg4 Nxg4 48. b3 f5 49. e5 h4 50. Bf1 Nxf2 51. Kc5 h3 52. Kc6 h2 53. Bg2 h1=Q 54. Bxh1 Nxh1 0-1


[Site "https://www.chess.com"]

[Event "Titled Tuesday Blitz November 14 Early 2023"]
[White "Rychkov, Oleg"]
[Black "Hasangatin, Ramil"]
[WhiteFideId "4122852"]
[BlackFideId "4122160"]
[WhiteElo "2840"]
[BlackElo "2694"]
[Result "1-0"]
[Round "9"]
[TimeControl "180+1"]
[Date "2023.11.14"]
[WhiteClock "0:00:28"]
[BlackClock "0:00:46"]
[Board "25"]

1. e4 d5 2. exd5 Qxd5 3. Nc3 Qd6 4. d4 Nf6 5. Nf3 c6 6. Ne5 Nbd7 7. Nc4 Qc7 8. Qf3 Nb6 9. h3 Be6 10. Ne5 g6 11. Bd3 Bg7 12. O-O O-O 13. Bf4 Qd8 14. Rad1 Nbd5 15. Bg5 Nxc3 16. bxc3 Qd5 17. c4 Qxf3 18. Nxf3 Rfd8 19. c3 Kf8 20. Rb1 b6 21. Ne5 Rac8 22. Rfe1 Ne8 23. Bf4 Nd6 24. c5 bxc5 25. Ba6 Rb8 26. Rxb8 Rxb8 27. dxc5 g5 28. Bg3 Nf5 29. Nd7+ Bxd7 30. Bxb8 Bxc3 31. Rb1 Be6 32. Bd3 a5 33. Bc7 a4 34. Rb8+ Kg7 35. Ra8 Bb4 36. Rxa4 Bxc5 37. Bxf5 Bxf5 38. Ra5 1-0


[Site "https://www.chess.com"]

[Event "Titled Tuesday Blitz November 14 Early 2023"]
[White "Alexandre, Anne Shopie Elizabeth"]
[Black "Maltsevskaya, Aleksandra"]
[WhiteFideId "11902418"]
[BlackFideId "24174041"]
[WhiteElo "2840"]
[BlackElo "2685"]
[Result "1-0"]
[Round "9"]
[TimeControl "180+1"]
[Date "2023.11.14"]
[WhiteClock "0:00:06"]
[BlackClock "0:00:00"]
[Board "26"]

1. d4 Nf6 2. c4 g6 3. Nc3 Bg7 4. e4 d6 5. Be2 O-O 6. Be3 c5 7. d5 e6 8. Nf3 exd5 9. cxd5 Re8 10. Nd2 a6 11. a4 Nbd7 12. O-O b6 13. Re1 Ne5 14. h3 Bb7 15. f4 Ned7 16. Bf3 Qc7 17. Nc4 Rad8 18. Bf2 Ba8 19. Qd2 Rb8 20. e5 dxe5 21. d6 Qd8 22. Bxa8 Rxa8 23. fxe5 Nh5 24. g4 b5 25. axb5 axb5 26. Rxa8 Qxa8 27. Nxb5 Qf3 28. Qc3 Qxc3 29. bxc3 Nf4 30. Nc7 Rb8 31. Re3 Rb1+ 32. Kh2 Rc1 33. Kg3 Ne6 34. Nxe6 fxe6 35. Kf3 Ra1 36. Bg3 Ra4 37. Nb2 Ra3 38. g5 h5 39. h4 Kf7 40. Ke4 Ke8 41. Nc4 Ra4 42. Kd3 Ra1 43. Nd2 Ra4 44. Kc2 Rg4 45. Kd3 Nb6 46. c4 Rd4+ 47. Ke2 Nxc4 48. Nxc4 Rxc4 49. Ra3 Re4+ 50. Kf3 Rg4 51. Ra7 Rxg3+ 52. Kxg3 Bxe5+ 53. Kf3 Bxd6 54. Ke4 Kf8 55. Ra6 Ke7 56. Ra7+ Ke8 57. Ra1 Kf7 58. Rh1 Kg7 59. Rf1 Kg8 60. Rf6 Kg7 61. Kf3 Be7 62. Rxe6 Kf7 63. Rc6 Ke8 64. Rxg6 c4 65. Ke4 Kd7 66. Kd4 Bd6 67. Rh6 Bg3 68. Rh7+ Ke6 69. Rxh5 Kf5 70. Kxc4 Kg6 71. Rh6+ Kg7 72. Kd5 1-0


[Site "https://www.chess.com"]

[Event "Titled Tuesday Blitz November 14 Early 2023"]
[White "Begmuratov, Alisher"]
[Black "Timofeev, Artyom"]
[WhiteFideId "14203367"]
[BlackFideId "4140419"]
[WhiteElo "2720"]
[BlackElo "2837"]
[Result "0-1"]
[Round "9"]
[TimeControl "180+1"]
[Date "2023.11.14"]
[WhiteClock "0:00:07"]
[BlackClock "0:00:13"]
[Board "27"]

1. e4 c5 2. Nf3 d6 3. Bb5+ Bd7 4. Bxd7+ Nxd7 5. O-O Ngf6 6. Qe2 e6 7. c3 Be7 8. d4 O-O 9. Rd1 Qc7 10. e5 Nd5 11. Nbd2 cxd4 12. cxd4 Rac8 13. exd6 Qxd6 14. Ne4 Qb6 15. Bg5 Bxg5 16. Nfxg5 h6 17. Nf3 Rc6 18. g3 Rfc8 19. Rd2 Qa6 20. Qd1 f5 21. Nc5 Nxc5 22. dxc5 Rxc5 23. Nd4 Nf6 24. Qb3 Ne4 25. Rdd1 Rc4 26. f3 Ng5 27. Kg2 Kh7 28. Qe3 Qb6 29. b3 Rc2+ 30. Kh1 Rb2 31. h4 Nf7 32. Rac1 Rxc1 33. Rxc1 Rxa2 34. Qxe6 Qxd4 35. Qxf7 Qd3 36. Qh5 Rf2 37. f4 Qe4+ 0-1


[Site "https://www.chess.com"]

[Event "Titled Tuesday Blitz November 14 Early 2023"]
[White "BardArtem"]
[Black "Fromm, Marius"]
[BlackFideId "12993190"]
[WhiteElo "2834"]
[BlackElo "2654"]
[Result "1-0"]
[Round "9"]
[TimeControl "180+1"]
[Date "2023.11.14"]
[WhiteClock "0:00:07"]
[BlackClock "0:00:00"]
[Board "28"]

1. e4 c5 2. c3 d5 3. exd5 Qxd5 4. d4 Nf6 5. Nf3 e6 6. Na3 Nc6 7. Be3 cxd4 8. Nb5 Qd7 9. Nbxd4 Nd5 10. Nxc6 bxc6 11. Bd4 f6 12. Bd3 e5 13. Be3 Nxe3 14. fxe3 Bc5 15. Qe2 O-O 16. O-O-O Qe7 17. h4 Be6 18. h5 Rfd8 19. Be4 Bxa2 20. Rxd8+ Rxd8 21. b4 Bb3 22. bxc5 Qxc5 23. Qb2 Qxe3+ 24. Nd2 Rxd2 25. Qxd2 Qxe4 26. Qd8+ Kf7 27. Qd7+ Kf8 28. Qc8+ Kf7 29. Qb7+ Kf8 30. Qxb3 Qxg2 31. Rd1 Qg5+ 32. Kb1 Qxh5 33. Qb8+ Kf7 34. Rd7+ Kg6 35. Qe8+ Kh6 36. Qxh5+ Kxh5 37. Rxg7 h6 38. Rxa7 Kg4 39. Rg7+ Kf4 40. Rg6 h5 41. Rxf6+ Kg4 42. Rg6+ Kf4 43. Rxc6 h4 44. Rh6 Kg3 45. Kc2 e4 46. Kd2 h3 47. Ke3 1-0


[Site "https://www.chess.com"]

[Event "Titled Tuesday Blitz November 14 Early 2023"]
[White "Hristodoulou, Panagiotis"]
[Black "Idani, Pouya"]
[WhiteFideId "4214340"]
[BlackFideId "12510130"]
[WhiteElo "2660"]
[BlackElo "2833"]
[Result "0-1"]
[Round "9"]
[TimeControl "180+1"]
[Date "2023.11.14"]
[WhiteClock "0:00:00"]
[BlackClock "0:00:48"]
[Board "29"]

1. e4 c5 2. Nf3 d6 3. d4 cxd4 4. Nxd4 Nf6 5. Nc3 Nc6 6. Bg5 e6 7. Qd3 Bd7 8. O-O-O a6 9. Kb1 h6 10. Bh4 Ne5 11. Qd2 Nxe4 12. Nxe4 Qxh4 13. f4 Nc6 14. Nxc6 Bxc6 15. Nxd6+ Bxd6 16. Qxd6 Rd8 17. Qxd8+ Qxd8 18. Rxd8+ Kxd8 19. Rg1 g5 20. g3 Ke7 21. Kc1 Rd8 22. c3 gxf4 23. gxf4 Bf3 24. Bc4 Kf6 25. Bb3 Kf5 26. Rg7 Rf8 27. Rh7 h5 28. Rh6 f6 29. Rh7 Rd8 30. Re7 Rd6 31. Rf7 e5 32. fxe5 Kxe5 33. Re7+ Kf4 34. Re6 Rxe6 35. Bxe6 Ke3 36. c4 Be4 37. Bd5 f5 38. Bxe4 fxe4 39. Kd1 Kf2 0-1


[Site "https://www.chess.com"]

[Event "Titled Tuesday Blitz November 14 Early 2023"]
[White "Sousa, Andre Ventura"]
[Black "Samsonkin, Artiom"]
[WhiteFideId "1917617"]
[BlackFideId "13503111"]
[WhiteElo "2643"]
[BlackElo "2822"]
[Result "0-1"]
[Round "9"]
[TimeControl "180+1"]
[Date "2023.11.14"]
[WhiteClock "0:00:22"]
[BlackClock "0:00:22"]
[Board "30"]

1. e4 c5 2. Nf3 d6 3. d4 cxd4 4. Nxd4 Nf6 5. Nc3 a6 6. h3 e5 7. Nf3 Be7 8. g4 O-O 9. g5 Nh5 10. h4 Kh8 11. Be3 f5 12. gxf6 Nxf6 13. Ng5 Nc6 14. Bc4 Ng4 15. Nd5 Nd4 16. Bxd4 exd4 17. Qxd4 Bxg5 18. hxg5 Qxg5 19. f4 Rxf4 20. Nxf4 Qxf4 21. Ke2 Ne5 22. Rag1 Bg4+ 23. Rxg4 Qxg4+ 24. Ke3 Qf3+ 25. Kd2 Qxh1 26. Bd5 Nf3+ 0-1


[Site "https://www.chess.com"]

[Event "Titled Tuesday Blitz November 14 Early 2023"]
[White "Vakhlamov, Igor L."]
[Black "Stark, Lars"]
[WhiteFideId "24126748"]
[BlackFideId "4676386"]
[WhiteElo "2810"]
[BlackElo "2636"]
[Result "1-0"]
[Round "9"]
[TimeControl "180+1"]
[Date "2023.11.14"]
[WhiteClock "0:01:07"]
[BlackClock "0:00:47"]
[Board "31"]

1. e4 e6 2. d4 d5 3. Nc3 Nf6 4. Bd3 dxe4 5. Nxe4 Nbd7 6. Nf3 Be7 7. Be3 O-O 8. Qe2 Nxe4 9. Bxe4 c5 10. O-O-O Qa5 11. Kb1 Nf6 12. Bd3 Rd8 13. dxc5 Bd7 14. Ne5 Bxc5 15. Bg5 Be8 16. Bxf6 gxf6 17. Qg4+ Kf8 18. Nc4 Qc7 19. Bxh7 b5 20. Ne3 Rac8 21. Qg8+ Ke7 22. Nf5+ exf5 23. Rhe1+ Qe5 24. Rxe5+ fxe5 25. Re1 Bxf2 26. Rxe5+ Kf6 27. Rxf5+ Ke7 28. Qg5+ Kd6 29. Rxf2 Kc7 30. Bd3 Bc6 31. h4 Rd6 32. Rxf7+ Kb6 33. Qe3+ 1-0


[Site "https://www.chess.com"]

[Event "Titled Tuesday Blitz November 14 Early 2023"]
[White "Samunenkov, Ihor"]
[Black "aghasiyevkamal"]
[WhiteFideId "14187086"]
[WhiteElo "2769"]
[BlackElo "2597"]
[Result "1-0"]
[Round "9"]
[TimeControl "180+1"]
[Date "2023.11.14"]
[WhiteClock "0:00:06"]
[BlackClock "0:00:01"]
[Board "32"]

1. d4 d5 2. c4 e6 3. Nc3 Nf6 4. cxd5 exd5 5. Bg5 Nbd7 6. e3 c6 7. Bd3 Be7 8. Nf3 h6 9. Bh4 Nh5 10. Bxe7 Qxe7 11. O-O O-O 12. Rb1 a5 13. a3 Nhf6 14. Nd2 c5 15. dxc5 Nxc5 16. Nb3 Nxb3 17. Qxb3 Be6 18. Qa4 Rfd8 19. Ne2 Ng4 20. Qf4 Qd6 21. Qxd6 Rxd6 22. Nd4 Ne5 23. Be2 Rc8 24. Rfc1 Rxc1+ 25. Rxc1 Rb6 26. Bb5 Nc4 27. Rc2 Kf8 28. Kf1 Ke7 29. Ke2 Bd7 30. Bxc4 dxc4 31. Kd2 Rg6 32. g3 Rf6 33. Kc3 b5 34. e4 g5 35. e5 Rb6 36. f4 Be6 37. f5 b4+ 38. axb4 axb4+ 39. Kd2 Bd5 40. Ke3 Ra6 41. Rd2 Ra1 42. Nb5 Bc6 43. Nd6 Re1+ 44. Kd4 c3 45. bxc3 bxc3 46. Rc2 Rd1+ 47. Kxc3 Rd5 48. Re2 f6 49. Nc4 Bb5 50. exf6+ Kxf6 51. g4 Rc5 52. Re6+ Kf7 53. Re4 h5 54. h3 Bxc4 55. Rxc4 Re5 56. Kd4 Re1 57. Rc7+ Kf6 58. Rc6+ Kf7 59. Rg6 h4 60. Rxg5 Rh1 61. Rh5 Rxh3 62. Ke5 Rh1 63. Kf4 h3 64. Kg3 Rg1+ 65. Kxh3 Rh1+ 66. Kg3 Rxh5 67. gxh5 Kf6 68. Kg4 1-0


[Site "https://www.chess.com"]